 Dungeon Crawl Stone Soup version 0.29.0-3-gbb0933ed62 (webtiles) character file.

Game seed: 10183862048603763098

153 Renzlar the Shield-Bearer (level 5, -3/47 HPs)
             Began as a Gnoll Fighter on Aug 26, 2022.
             Was an Initiate of Okawaru.
             Slain by Menkaure (14 damage)
             ... on level 4 of the Dungeon.
             The game lasted 00:06:43 (2391 turns).

Renzlar the Shield-Bearer (Gnoll Fighter)           Turns: 2391, Time: 00:06:44

Health: -3/47      AC: 12    Str: 17    XL:     5   Next: 35%
Magic:  7/7        EV: 10    Int:  8    God:    Okawaru [......]
Gold:   199        SH:  6    Dex: 17    Spells: 7/7 levels left

rFire   . . .      SeeInvis .   a - +1 war axe
rCold   . . .      Faith    .   j - +0 buckler
rNeg    . . .      Spirit   .   b - +0 scale mail
rPois   .          Reflect  .   (no helmet)
rElec   .          Harm     .   i - +2 cloak
rCorr   .          Rampage  .   r - +0 pair of gloves
Will    .....                   (no boots)
Stlth   +.........              (no amulet)
HPRegen 0.15/turn               e - +6 ring of dexterity
MPRegen 0.10/turn               (no ring)

@: no status effects
A: fangs 1, strong nose, distributed training
a: Renounce Religion


You were on level 4 of the Dungeon.
You worshipped Okawaru.
Okawaru was noncommittal.
You visited 1 branch of the dungeon, and saw 4 of its levels.

You collected 199 gold pieces.

Inventory:

Hand Weapons
 a - a +1 war axe (weapon)
 c - a +0 sling
Missiles
 f - 13 poisoned darts (quivered)
Armour
 b - a +0 scale mail (worn)
 i - a +2 cloak (worn)
 j - a +0 buckler (worn)
 r - a +0 pair of gloves (worn)
Jewellery
 e - a +6 ring of dexterity (left hand)
Scrolls
 k - a scroll of teleportation
 n - 2 scrolls of magic mapping
 s - a scroll of summoning {unknown}
Potions
 d - a potion of might
 g - a potion of heal wounds {unknown}
 h - a potion of invisibility
 l - a potion of haste {unknown}
 m - a potion of mutation {unknown}
 o - a potion of cancellation {unknown}
 p - a potion of curing {unknown}
 q - a potion of magic {unknown}


   Skills:
 + Level 6.7 Fighting
 + Level 1.5 Short Blades
 + Level 1.5 Long Blades
 + Level 4.8 Axes
 + Level 1.5 Maces & Flails
 + Level 1.5 Polearms
 + Level 1.5 Staves
 + Level 1.5 Ranged Weapons
 + Level 1.5 Throwing
 + Level 6.7 Armour
 + Level 1.5 Dodging
 + Level 1.5 Stealth
 + Level 6.7 Shields
 + Level 1.5 Unarmed Combat
 + Level 1.5 Spellcasting
 + Level 1.2 Conjurations
 + Level 1.2 Hexes
 + Level 1.2 Summonings
 + Level 1.2 Necromancy
 + Level 1.2 Translocations
 + Level 1.2 Transmutations
 + Level 1.2 Fire Magic
 + Level 1.2 Ice Magic
 + Level 1.2 Air Magic
 + Level 1.2 Earth Magic
 + Level 1.2 Poison Magic
 + Level 1.7 Invocations
 + Level 1.5 Evocations


You had 7 spell levels left.
You didn't know any spells.
Your spell library contained the following spells:

 Spells                   Type           Power      Damage    Failure   Level
 Ignite Poison            Fire/Tmut/Pois 2%         N/A       95%         3
 Mephitic Cloud           Conj/Pois/Air  2%         N/A       95%         3
 Freezing Cloud           Conj/Ice/Air   1%         6-21      100%        5
 Dispersal                Tloc           1%         N/A       100%        6
 Disjunction              Tloc           1%         N/A       100%        8


Dungeon Overview and Level Annotations

Branches:
Dungeon (4/15)
 Temple: D:4-7

Altars:
Okawaru

Annotations:
D:4 Menkaure


Innate Abilities, Weirdness & Mutations

You have very sharp teeth.
Your uncanny sense of smell can sniff out nearby items.
Your experience applies equally to all skills.


Message History

You shoot a sling bullet. The sling bullet hits Menkaure!
Menkaure is moderately damaged.
You shoot a sling bullet. The sling bullet hits Menkaure.
Menkaure is severely damaged.
You shoot a sling bullet.
The sling bullet barely misses Menkaure.
Menkaure casts a spell at you. Pain shoots through your body!
There is a stone staircase leading up here.
You climb upwards.
There is a stone staircase leading down here.
You start resting.
HP restored.
a - a +1 war axe (weapon)
You climb downwards.
Level annotation: Menkaure Menkaure mumbles some strange words.
Menkaure seems to speed up.
There is a stone staircase leading up here.
c - a +0 sling (weapon)
You shoot a sling bullet.
The sling bullet barely misses Menkaure.
a - a +1 war axe (weapon)
You hit Menkaure but do no damage.
Menkaure calls on the powers of darkness!
Your body is wracked with pain!
Menkaure hits you.
You barely miss Menkaure.
Menkaure gestures at you while chanting.
You barely resist. You slash Menkaure!
Menkaure is heavily damaged.
Menkaure calls on the powers of darkness!
Your body is wracked with pain!
* * * LOW HITPOINT WARNING * * *
Menkaure barely misses you.
Unknown command.
You slash Menkaure!
Menkaure is almost destroyed.
Menkaure hits you!
You die...

######............
#.................
#.# .#..........
#.# .#..........
#.# ##.#.#........
#.# #..#.##.....#.
#.# #.##.###......
#.# #.##.# ######.
#@###.##.# ##..
#.M......## ##...
#####.#...####....
#........'....
#.#...####....
#.##.## ##...
#.#### ##.. #.#
##. #.# ##


You could see Menkaure (fast).

Vanquished Creatures
  2 jellies (D:2)
  3 adders
  3 dart slugs
  An orc (D:3)
  2 bats
  11 endoplasms
  A giant cockroach (D:3)
  A hobgoblin (D:1)
  3 jackals (D:1)
  11 kobolds
  A quokka (D:1)
  5 frilled lizards
  5 goblins
  5 rats
54 creatures vanquished.

Vanquished Creatures (others)
  2 fungi (D:2)
  9 toadstools (D:2)
11 creatures vanquished.

Grand Total: 65 creatures vanquished

Notes
Turn   | Place    | Note
-------+----------+-------------------------------------------
     0 | D:1      | Renzlar the Gnoll Fighter began the quest for the Orb.
     0 | D:1      | Reached XP level 1. HP: 23/23 MP: 1/1
   149 | D:1      | Found a faded altar of an unknown god.
   197 | D:1      | Reached XP level 2. HP: 29/29 MP: 2/2
   627 | D:2      | Found an iron altar of Okawaru.
   634 | D:2      | Became a worshipper of Warmaster Okawaru
   643 | D:2      | Reached XP level 3. HP: 28/35 MP: 2/4
   746 | D:2      | Reached skill level 1 in Invocations
   997 | D:2      | Reached skill level 1 in Short Blades
   997 | D:2      | Reached skill level 1 in Long Blades
   997 | D:2      | Reached skill level 1 in Maces & Flails
   997 | D:2      | Reached skill level 1 in Polearms
   997 | D:2      | Reached skill level 1 in Staves
   997 | D:2      | Reached skill level 1 in Ranged Weapons
   997 | D:2      | Reached skill level 1 in Throwing
   997 | D:2      | Reached skill level 1 in Dodging
   997 | D:2      | Reached skill level 1 in Stealth
   997 | D:2      | Reached skill level 1 in Unarmed Combat
   997 | D:2      | Reached skill level 1 in Spellcasting
   997 | D:2      | Reached skill level 1 in Evocations
  1112 | D:2      | Reached XP level 4. HP: 33/41 MP: 5/5
  1203 | D:2      | Reached skill level 1 in Conjurations
  1203 | D:2      | Reached skill level 1 in Hexes
  1203 | D:2      | Reached skill level 1 in Summonings
  1203 | D:2      | Reached skill level 1 in Necromancy
  1203 | D:2      | Reached skill level 1 in Translocations
  1203 | D:2      | Reached skill level 1 in Transmutations
  1203 | D:2      | Reached skill level 1 in Fire Magic
  1203 | D:2      | Reached skill level 1 in Ice Magic
  1203 | D:2      | Reached skill level 1 in Air Magic
  1203 | D:2      | Reached skill level 1 in Earth Magic
  1203 | D:2      | Reached skill level 1 in Poison Magic
  1211 | D:2      | Reached * piety under Okawaru
  1212 | D:2      | Reached XP level 5. HP: 47/47 MP: 5/7
  2176 | D:4      | Noticed Menkaure
  2391 | D:4      | Slain by Menkaure

Illustrated notes

Levels and vault maps discovered:
D:1:      lightli_arrival_statue_moat, layout_loops_ring,
          shapermc_ecumenical_altar_totnotflames
D:2:      cheibrodos_fertilizer, layout_basic, basic_altar
D:3:      layout_basic
D:4:      layout_loops_corners, temple_pool_b, lightli_corner_chamber,
          uniq_menkaure

Skill      XL: |  1  2  3  4 |
---------------+-------------+-----
Invocations    | 1 |  1.7
Short Blades   | 1 |  1.5
Long Blades    | 1 |  1.5
Maces & Flails | 1 |  1.5
Polearms       | 1 |  1.5
Staves         | 1 |  1.5
Ranged Weapons | 1 |  1.5
Throwing       | 1 |  1.5
Dodging        | 1 |  1.5
Stealth        | 1 |  1.5
Unarmed Combat | 1 |  1.5
Spellcasting   | 1 |  1.5
Evocations     | 1 |  1.5
Conjurations   | 1 |  1.2
Hexes          | 1 |  1.2
Summonings     | 1 |  1.2
Necromancy     | 1 |  1.2
Translocations | 1 |  1.2
Transmutations | 1 |  1.2
Fire Magic     | 1 |  1.2
Ice Magic      | 1 |  1.2
Air Magic      | 1 |  1.2
Earth Magic    | 1 |  1.2
Poison Magic   | 1 |  1.2
Fighting       | |  6.7
Axes           | |  4.8
Armour         | |  6.7
Shields        | |  6.7

Action                   |  1- 3 |  4- 6 || total
-------------------------+-------+-------++-------
Melee: War axe           |    46 |    36 ||    82
       Bite              |     3 |     6 ||     9
 Fire: Sling             |    17 |    32 ||    49
  Use: Scroll            |     3 |     4 ||     7
Armor: Scale mail        |    19 |    18 ||    37
Dodge: Dodged            |    23 |    15 ||    38
Block: Buckler           |    23 |    11 ||    34
